 Dungeon Crawl Stone Soup version 0.28.0-1-gb440e238dd (webtiles) character file.

Game seed: 616193420363852546

40 issech the Cudgeller (level 3, 0/36 HPs)
             Began as a Troll Monk on Feb 26, 2022.
             Succumbed to an orc's poison
             ... on level 2 of the Dungeon.
             The game lasted 00:02:53 (1068 turns).

issech the Cudgeller (Troll Monk)                   Turns: 1068, Time: 00:02:54

Health: 0/36       AC:  4    Str: 19    XL:     3   Next: 30%
Magic:  2/2        EV: 10    Int:  6    God:
Gold:   45         SH:  0    Dex: 14    Spells: 2/2 levels left

rFire   . . .      SeeInvis .   a - +0 mace
rCold   . . .      Faith    .   (no shield)
rNeg    . . .      Spirit   .   b - +0 robe
rPois   .          Reflect  .   (helmet restricted)
rElec   .          Harm     .   (no cloak)
rCorr   .          Rampage  .   (gloves unavailable)
Will    .....                   (boots unavailable)
Stlth   ++........              (no amulet)
HPRegen 0.92/turn               (no ring)
MPRegen 0.08/turn               (no ring)

@: lethally poisoned (0 -> -9)
A: large, unfitting armour, claws 3, regeneration 1, shaggy fur 1, tough skin 1
a: no special abilities


You were on level 2 of the Dungeon.
You visited 1 branch of the dungeon, and saw 2 of its levels.

You collected 45 gold pieces.

Inventory:

Hand Weapons
 a - a +0 mace (weapon)
 j - a +0 dagger of venom
Missiles
 d - 13 stones (quivered)
 i - 49 arrows
Armour
 b - a +0 robe (worn)
Scrolls
 e - a scroll of fear {unknown}
 f - 2 scrolls of teleportation {unknown}
 g - a scroll of immolation {unknown}
 h - a scroll of identify {unknown}
Potions
 c - 2 potions of heal wounds {unknown}


   Skills:
 + Level 2.8 Fighting
 + Level 3.4 Maces & Flails
 + Level 2.7 Dodging
 + Level 1.0 Stealth


You had 2 spell levels left.
You didn't know any spells.
Your spell library contained the following spells:

 Spells                   Type           Power      Damage    Failure   Level
 Magic Dart               Conj           0%         1d3       45%         1
 Sandblast                Erth           0%         2d4       45%         1
 Passwall                 Tmut/Erth      0%         N/A       58%         2
 Searing Ray              Conj           0%         2d4       58%         2
 Stone Arrow              Conj/Erth      0%         3d7       83%         3
 Fulminant Prism          Conj/Hex       0%         3d6       99%         4


Dungeon Overview and Level Annotations

Branches:
Dungeon (2/15)

Altars:


Innate Abilities, Weirdness & Mutations

You are too large for most types of armour.
You have claws for hands.
Your natural rate of healing is unusually fast.
You are covered in fur. (AC +1)
You have tough skin. (AC +1)


Message History

The endoplasm quivers.
You see here a +0 ring mail.
The endoplasm freezes you.
You are frozen.
You thump the endoplasm!
You kill the endoplasm!
Found a stone staircase leading down.
You now have 45 gold pieces (gained 14).
Found a stone staircase leading down.
The goblin shouts!
The orc hits you with a +2 dagger of venom.
You are poisoned.
You feel very sick. The goblin completely misses you.
You feel sick.
You feel sick.
You feel sick.
You hit the goblin but do no damage.
You feel sick. The goblin hits you with a +0 club.
The orc hits you with a +2 dagger of venom.
You are more poisoned.
You feel very sick.
You feel sick.
You feel sick.
You hit the goblin.
The goblin is severely wounded.
You feel sick. The goblin closely misses you.
The orc hits you with a +2 dagger of venom.
You are more poisoned.
You barely miss the goblin.
The goblin is severely wounded.
You feel very sick. The goblin closely misses you.
The orc hits you with a +2 dagger of venom.
* * * LOW HITPOINT WARNING * * *
You are lethally poisoned!
The goblin hits you but does no damage.
* * * LOW HITPOINT WARNING * * *
You feel very sick.
You die...

#..................#
#[.###..##.........#
#.># #..##.........#
...###.###.........#
...##..###.........#
..###..............#
#.......##......og.#
........#..........#
..#......†......@..#
.####...#.#.......##
###.......##......#
......##...###.....
......####.# .......
......# ..#.......#
......# #.........#
......# ...^....##
.........


You could see an orc and a goblin.

Vanquished Creatures
  2 dart slugs (D:1)
  2 orcs (D:1)
  A ball python (D:1)
  4 endoplasms
  4 goblins
  9 hobgoblins
  2 kobolds (D:1)
  2 frilled lizards (D:1)
  3 rats
29 creatures vanquished.

Notes
Turn   | Place    | Note
-------+----------+-------------------------------------------
     0 | D:1      | issech the Troll Monk began the quest for the Orb.
     0 | D:1      | Reached XP level 1. HP: 22/22 MP: 0/0
   254 | D:1      | Reached skill level 3 in Maces & Flails
   254 | D:1      | Reached XP level 2. HP: 29/29 MP: 1/1
   925 | D:1      | Reached XP level 3. HP: 30/36 MP: 2/2
  1068 | D:2      | Succumbed to an orc's poison

Illustrated notes

Levels and vault maps discovered:
D:1:      scummos_arrival_simple_fountains, layout_basic
D:2:      layout_rooms

Skill      XL: |  1 |
---------------+----+-----
Maces & Flails | 3 |  3.4
Fighting       | |  2.8
Dodging        | |  2.7
Stealth        | |  1.0

Action                   || total
-------------------------++-------
Melee: Mace              ||    84
       Punch             ||     1
Armor: Robe              ||    30
Dodge: Dodged            ||    44
